 Dungeon Crawl Stone Soup version 0.31-a0-626-g8143ab4f1d (webtiles) character file.

Game seed: 12550222510437923958

510 ytrimaz the Insei (level 6, 0/43 HPs)
             Began as a Demonspawn Shapeshifter on Aug 23, 2023.
             Slain by a gnoll
             ... wielding a +0 spear
             ... led by a gnoll bouda
              (8 damage)
             ... on level 4 of the Dungeon on Aug 24, 2023.
             The game lasted 00:03:20 (3269 turns).

ytrimaz the Insei (Demonspawn Shapeshifter)         Turns: 3269, Time: 00:03:21

Health: 0/43       AC:  2    Str: 15    XL:     6   Next: 98%
Magic:  6/6        EV: 12    Int: 10    God:
Gold:   168        SH:  8    Dex: 15    Spells: 5/5 levels left

rFire   . .          .
                       - Unarmed
rCold   . . .        (no shield)
rNeg    . . .        a - +0 animal skin
rPois   .            (helmet currently unavailable)
rElec   .            (cloak currently unavailable)
rCorr   +            (gloves currently unavailable)
SInv    .            (boots currently unavailable)
Will    .....        (no amulet)
Stlth   +            m - +4 ring of slaying
HPRegen 0.27/turn    w - ring of resist corrosion
MPRegen 0.10/turn

%: no passive effects
@: beast-form
A: beast (slay +2), large bone plates 1, condensation shield, demonic magic 1
a: Begin Untransformation


You were on level 4 of the Dungeon.
You were a hulking beast.
You visited 1 branch of the dungeon, and saw 4 of its levels.

You collected 168 gold pieces.


Innate Abilities, Weirdness & Mutations

You are a hulking beast.
Your limbs bulge with bestial killing power. (Slay +2)
You are partially covered in large bone plates. (SH +4)
A meltable shield of frost defends you. (SH +4)
Spells you cast may paralyse adjacent enemies.


   Skills:
 - Level 1.0 Fighting
 - Level 1.7 Dodging
 + Level 5.4 Unarmed Combat
 + Level 5.1 Shapeshifting


You had 5 spell levels left.
You didn't know any spells.
Your spell library contained the following spells:

 Spells                   Type           Power      Damage    Failure   Level
 Malign Gateway           Summ/Tloc      0%         N/A       100%        7
 Summon Horrible Things   Summ           0%         N/A       100%        8

Inventory:

Missiles
 k - 2 throwing nets
Armour
 a - a +0 animal skin (worn)
Jewellery
 l - a ring of fire
   (You found it on level 2 of the Dungeon)
 m - a +4 ring of slaying (left hand)
   (You found it on level 3 of the Dungeon)
 o - a ring of protection from cold
   (You found it on level 3 of the Dungeon)
 w - a ring of resist corrosion (right hand)
   (You found it on level 4 of the Dungeon)
Talismans
 c - a beast talisman (active)
 d - a flux talisman
 f - a serpent talisman
   (You found it on level 1 of the Dungeon)
Wands
 q - a wand of flame (9)
   (You found it on level 3 of the Dungeon)
 t - a wand of mindburst (14)
   (You found it on level 4 of the Dungeon)
 u - a wand of quicksilver (5)
   (You found it on level 4 of the Dungeon)
Scrolls
 b - a scroll of fog {unknown}
 e - 2 scrolls of teleportation {unknown}
 i - a scroll of noise {unknown}
 j - a scroll of enchant armour {unknown}
 n - 2 scrolls of identify {unknown}
 r - a scroll of torment {unknown}
Potions
 g - 4 potions of heal wounds
 h - a potion of attraction
 p - a potion of mutation {unknown}
 v - a potion of might {unknown}

Dungeon Overview and Level Annotations

Branches:
Dungeon (4/15) Zot: 20749
 Temple: D:4-7

Altars:

######...#'##......[.#.###.#<#.#
.....#.#.#.##.########.......#.##
####.#.#.#.....# #........#.....
#.#.#.####..# #.########.#.##
#.#.#.#..#..# #......#.#.##
#.#.#....#..# #.####.#.#...
####....<......### #.####.#....#
...###.........g.# #........#...
...# ###.#.###.#h# ####.#.#.#.##
...# #)#.....#)# ............
...# #)####..#g#######.###.#.#<
...#####).......g..........^.#.#.
.###.............#.####..#####.#.
.'.'.............'.............#.
.###.............#..##.......####
.# #.............##...>.....['...
.# ############### #.........####


You could see 3 gnolls.


Message History

A gnoll bouda comes into view. It is wielding a +0 whip.
A gnoll bouda is nearby! 2 gnolls come into view.
The gnoll shouts!
A gnoll comes into view. It is wielding a +0 whip.
A gnoll comes into view. It is wielding a +0 spear.
The gnoll bouda barks out a call to the hunt!
The gnolls pick up the pace!
A gnoll comes into view. It is wielding a +0 club.
The gnoll moves out of view.
The gnoll shouts! x3
The gnoll shouts!
You hit the gnoll bouda. You barely miss the gnoll bouda.
You block the gnoll bouda's attack.
Unknown command.
The gnoll bouda attacks as it pursues you!
The gnoll bouda barely misses you. You block the gnoll's attack.
The gnoll barely misses you. The gnoll hits you with a +0 club.
The gnoll hits you with a +0 whip!
There is an open door, spattered with blood here.
You are too injured to fight recklessly! 😮 HP[-15]
You take 15 damage, and now have 28/43 hp.
MASSIVE DAMAGE!! (PAUSE)
The gnoll bouda closely misses you. The gnoll attacks as it pursues you!
You block the gnoll's attack. The gnoll barely misses you. 😮 HP[+1]
The gnoll completely misses you.
The gnoll bouda hits you with a +0 whip!
* * * LOW HITPOINT WARNING * * *
😨 HP[-12]
You take 12 damage, and now have 17/43 hp.
MASSIVE DAMAGE!! (PAUSE)
The gnoll hits you with a +0 whip.
* * * LOW HITPOINT WARNING * * *
The gnoll hits you from afar with a +0 spear.
* * * LOW HITPOINT WARNING * * *
The gnoll attacks as it pursues you! The gnoll barely misses you. 😱 HP[-7]
You take 7 damage, and now have 10/43 hp.
You block the gnoll's attack. 😨 HP[+1] Unknown command.
The gnoll barely misses you.
The gnoll bouda gazes fiercely through you!
You feel your attacks grow feeble.
You feel better. The gnoll closely misses you. 😨 HP[+9]
You regained 9 hp, and now have 20/43 hp.
It was a potion of heal wounds.
You feel much better.
The gnoll hits you with a +0 whip! 😮 HP[+7]
You regained 7 hp, and now have 27/43 hp.
You closely miss the gnoll. You block the gnoll's attack. 😮 HP[+1]
You punch the gnoll!
The gnoll is no longer moving quickly.
The gnoll bouda barks out a call to the hunt!
The gnoll picks up the pace!
The gnoll hits you with a +0 club. 😮 HP[-2]
You take 2 damage, and now have 26/43 hp.
Unknown command.
You hit the gnoll. The gnoll hits you with a +0 whip.
The gnoll barely misses you. 😮 HP[-3]
You take 3 damage, and now have 23/43 hp.
You hit the gnoll.
You kill the gnoll!
The gnoll closely misses you.
Unknown command.
You punch the gnoll!
Your attacks no longer feel as feeble. 😮 HP[+1]
You punch the gnoll!
You kill the gnoll!
The gnoll is no longer moving quickly.
The gnoll closely misses you. The gnoll bouda closely misses you.
The gnoll bouda barks out a call to the hunt!
The gnolls pick up the pace!
Things that are here:
a +0 club; a gnoll corpse The gnoll closely misses you.
The gnoll bouda misses you.
You hit the gnoll bouda. You block the gnoll's attack.
The gnoll bouda hits you with a +0 whip!
* * * LOW HITPOINT WARNING * * *
😨 HP[-12]
You take 12 damage, and now have 12/43 hp.
MASSIVE DAMAGE!! (PAUSE)
You completely miss the gnoll bouda.
The gnoll hits you from afar with a +0 spear.
* * * LOW HITPOINT WARNING * * *
The gnoll bouda closely misses you. 😱 HP[-4]
You take 4 damage, and now have 8/43 hp.
Unknown command.
You punch the gnoll bouda!
You kill the gnoll bouda!
The gnoll hits you from afar with a +0 spear!
You die...

Skill      XL: |  1  2  3  4  5  6 |
---------------+-------------------+-----
Unarmed Combat | 3 4 5 |  5.4
Shapeshifting  | 3 4 5 |  5.1
Fighting       | |  1.0
Dodging        | |  1.7

Action                     |  1- 3 |  4- 6 || total
---------------------------+-------+-------++-------
  Melee: Unarmed           |   106 |   140 ||   246
         Punch             |     1 |     4 ||     5
    Use: Potion            |     3 |     4 ||     7
   Stab: Sleeping          |     1 |     1 ||     2
 Armour: Animal skin       |    17 |     4 ||    21
         Skin              |    13 |       ||    13
  Dodge: Dodged            |    50 |    61 ||   111
  Block: Other             |    19 |    38 ||    57
   Form: Anaconda          |     1 |       ||     1
         Beast             |     1 |       ||     1

Levels and vault maps discovered:
D:1:      minmay_arrival_arboretum_large, layout_loops_corners, serial_shops,
          nicolae_shop_real_fake_doors
D:2:      layout_basic, minmay_divided_ellipse, uniq_sigmund
D:3:      layout_loops_corners, hangedman_decor_push
D:4:      layout_basic, marbit_many_paths

Notes
Turn   | Place    | Note
-------+----------+-------------------------------------------
     0 | D:1      | ytrimaz the Demonspawn Shapeshifter began the quest for the
                  | Orb.
     0 | D:1      | Reached XP level 1. HP: 15/15 MP: 1/1
     0 | D:1      | magus.rc [v1.9.6]
   198 | D:1      | You fall into a shaft and drop 1 floor!
   230 | D:2      | Reached skill level 3 in Unarmed Combat
   234 | D:2      | Gained mutation: You are partially covered in large bone
                  | plates. (SH +4) [demonic ancestry]
   234 | D:2      | Reached XP level 2. HP: 21/21 MP: 2/2
   265 | D:2      | Reached skill level 3 in Shapeshifting
   271 | D:2      | HP: 5/21 [kobold/stone (2)]
   278 | D:2      | HP: 3/21 [jackal (3)]
   289 | D:2      | HP: 4/31 [dart slug (2)]
   497 | D:2      | Gained mutation: A meltable shield of frost defends you.
                  | (SH +4) [demonic ancestry]
   497 | D:2      | Reached XP level 3. HP: 16/26 MP: 3/3
   722 | D:2      | Noticed Sigmund
   732 | D:2      | Killed Sigmund
   732 | D:2      | HP: 9/39 [poisoned by Sigmund]
   733 | D:2      | Reached skill level 4 in Unarmed Combat
   733 | D:2      | Reached skill level 4 in Shapeshifting
   733 | D:2      | Reached XP level 4. HP: 12/32 MP: 4/4
   733 | D:2      | Reached XP level 5. HP: 14/37 MP: 5/5
   737 | D:2      | HP: 9/55 [poisoned by Sigmund]
  1125 | D:2      | HP: 9/37 [hobgoblin (4)]
  1130 | D:2      | HP: 4/37 [poisoned by an adder]
  1690 | D:3      | Identified the +9 dagger of the Whelk {elec, *Corrode Str+6
                  | Dex+3}
  1710 | D:3      | You add the spells Malign Gateway and Summon Horrible
                  | Things to your library.
  1990 | D:3      | Gained mutation: Spells you cast may paralyse adjacent
                  | enemies. [demonic ancestry]
  1990 | D:3      | Reached XP level 6. HP: 22/43 MP: 6/6
  2018 | D:3      | HP: 9/43 [something (2)]
  2024 | D:3      | HP: 9/43 [something (1)]
  2114 | D:3      | HP: 7/43 [sleepcap (14)]
  2118 | D:3      | Reached skill level 5 in Unarmed Combat
  2690 | D:4      | Reached skill level 5 in Shapeshifting
  2869 | D:4      | Upgraded the game from 0.31-a0-620-gd1cbd99268 to
                  | 0.31-a0-626-g8143ab4f1d
  2869 | D:4      | magus.rc [v1.9.6]
  3254 | D:4      | HP: 10/43 [gnoll/+0 spear[a gnoll bouda] (2)]
  3268 | D:4      | HP: 8/43 [gnoll/+0 spear[a gnoll bouda] (4)]
  3269 | D:4      | Slain by a gnoll

Vanquished Creatures
  Sigmund (D:2)
  An ogre (D:4)
  An orc priest (D:3)
  A sleepcap (D:3)
  A gnoll bouda (D:4)
  2 orc wizards (D:3)
  2 gnolls (D:4)
  7 adders
  3 worms (D:2)
  A dart slug (D:2)
  12 orcs
  4 bats
  7 endoplasms
  A giant cockroach (D:2)
  9 goblins
  7 hobgoblins
  3 jackals (D:2)
  3 quokkas
  5 ball pythons
  2 frilled lizards (D:2)
  2 kobolds (D:2)
  3 rats
78 creatures vanquished.

Table legend:
 A = Non-vault XP
 B = Vault XP
 C = Vault XP percentage of total XP
 D = Non-vault monster count
 E = Vault monster count
 F = Vault count percentage of total count
                 A         B        C        D         E       F
            +---------+---------+-------+---------+---------+-------
      Total |     515 |     250 |  32.7 |      64 |      14 |  17.9
            +---------+---------+-------+---------+---------+-------
        D:1 |      10 |       0 |   0.0 |       6 |       0 |   0.0
        D:2 |      81 |     250 |  75.5 |      22 |      14 |  38.9
        D:3 |     179 |       0 |   0.0 |      17 |       0 |   0.0
        D:4 |     245 |       0 |   0.0 |      19 |       0 |   0.0
            +---------+---------+-------+---------+---------+-------

Skill      XL: |  1  2  3  4  5  6 |
---------------+-------------------+-----
Unarmed Combat | 3 4 5 |  5.4
Shapeshifting  | 3 4 5 |  5.1
Fighting       | |  1.0
Dodging        | |  1.7

Action                     |  1- 3 |  4- 6 || total
---------------------------+-------+-------++-------
  Melee: Unarmed           |   106 |   140 ||   246
         Punch             |     1 |     4 ||     5
    Use: Potion            |     3 |     4 ||     7
   Stab: Sleeping          |     1 |     1 ||     2
 Armour: Animal skin       |    17 |     4 ||    21
         Skin              |    13 |       ||    13
  Dodge: Dodged            |    50 |    61 ||   111
  Block: Other             |    19 |    38 ||    57
   Form: Anaconda          |     1 |       ||     1
         Beast             |     1 |       ||     1

Illustrated notes

Table legend:
 A = Kills in this place as a percentage of kills in the entire game.
 B = Kills by you in this place as a percentage of kills by you in the entire game.
 C = Kills by friends in this place as a percentage of kills by friends in the entire game.
 D = Other kills in this place as a percentage of other kills in the entire game.
 E = Experience gained in this place as a percentage of experience gained in the entire game.
 F = Experience gained in this place divided by the number of levels of this place that you have seen.
                   A       B       C       D       E      F
               +-------+-------+-------+-------+-------+----------------------
         Total | 100.0 | 100.0 |   N/A |   N/A | 100.0 | 191.2
       Dungeon | 100.0 | 100.0 |   N/A |   N/A | 100.0 | 191.2
               +-------+-------+-------+-------+-------+----------------------

Table legend: (Time is in decaauts)
 A = Elapsed time spent in this place.
 B = Non-inter-level travel time spent in this place.
 C = Inter-level travel time spent in this place.
 D = Time resting spent in this place.
 E = Time spent auto-exploring this place.
 F = Levels seen in this place.
 G = Mean time per level.
                   A        B        C        D        E       F      G
               +--------+--------+--------+--------+--------+-----+--------+
         Total |   3249 |   3178 |     71 |      0 |   2636 |   4 |  812.2 |
       Dungeon |   3249 |   3178 |     71 |      0 |   2636 |   4 |  812.2 |
               +--------+--------+--------+--------+--------+-----+--------+

Top non-repeatable levels by time:
     D:2: 1192 daAuts
     D:3: 1147 daAuts
     D:4: 711 daAuts
     D:1: 197 daAuts
